 Dungeon Crawl Stone Soup version 0.20.1-1-g8b1a95d (webtiles) character file.

6091 valcher11 the Protected (level 10, -8/91 HPs)
             Began as a Minotaur Berserker on Sept 21, 2017.
             Was a High Priest of Trog.
             Mangled by a troll (10 damage)
             ... on level 8 of the Dungeon.
             The game lasted 00:22:47 (8438 turns).

valcher11 the Protected (Minotaur Berserker)        Turns: 8438, Time: 00:22:47

Health: -8/91      AC: 12    Str: 22    XL:     10   Next: 58%
Magic:  9/9        EV: 15    Int:  7    God:    Trog [*****.]
Gold:   651        SH:  0    Dex: 13    Spells: 9/9 levels left

rFire    . . .     SeeInvis .   a - +0 hand axe
rCold    . . .     Gourm    .   (no shield)
rNeg     . . .     Faith    .   r - +2 ring mail of the Archfiend {*Drain rElec rPois rCorr}
rPois    +         Spirit   .   (helmet restricted)
rElec    +         Reflect  .   t - +0 cloak
rCorr    +         Harm     .   (no gloves)
MR       +....                  E - +0 pair of boots
Stlth    +.........             (no amulet)
Regen    0.3/turn               K - ring of protection from magic
MPRegen  0.2/turn               y - +3 ring of intelligence

@: no status effects
A: retaliatory headbutt, horns 2
a: Berserk, Trog's Hand, Brothers in Arms, Burn Spellbooks, Renounce Religion


You were on level 8 of the Dungeon.
You worshipped Trog.
Trog was extremely pleased with you.
You were not hungry.

You visited 1 branch of the dungeon, and saw 9 of its levels.
You also visited: Bailey.

You collected 651 gold pieces.

Inventory:

Hand Weapons
 a - a +0 hand axe (weapon)
Armour
 r - the +2 ring mail of the Archfiend (worn) {*Drain rElec rPois rCorr}
   (You found it on level 4 of the Dungeon)

   It insulates you from electricity.
   It protects you from poison.
   It protects you from acid and corrosion.
   It causes draining when unequipped.
 t - a +0 cloak (worn)
 E - a +0 pair of boots (worn)
Jewellery
 k - an uncursed ring of stealth
 y - a +3 ring of intelligence (right hand)
 K - a ring of protection from magic (left hand)
Wands
 s - a wand of polymorph (17/24)
 w - a wand of lightning (4/15)
 A - a wand of paralysis (10/24)
 H - a wand of disintegration (16/24)
 N - a wand of acid (4/15)
 O - a wand of flame (33/48)
Scrolls
 b - 3 scrolls of immolation {unknown}
 d - 2 scrolls of recharging {unknown}
 p - 2 scrolls of enchant weapon {unknown}
 u - 5 scrolls of identify
 x - a scroll of random uselessness {unknown}
 C - a scroll of vulnerability {unknown}
 D - 4 scrolls of blinking {unknown}
 G - 2 scrolls of teleportation {unknown}
 I - a scroll of remove curse
Potions
 e - 4 potions of curing
 h - 2 potions of cancellation
 i - 3 potions of lignification {unknown}
 j - a potion of ambrosia
 m - 2 potions of flight {unknown}
 n - a potion of berserk rage
 o - 2 potions of mutation {unknown}
 v - a potion of invisibility {unknown}
 z - a potion of brilliance {unknown}
 B - 3 potions of magic {unknown}
 F - a potion of haste {unknown}
 L - 2 potions of might
 M - a potion of agility {unknown}
Comestibles
 c - 6 bread rations
 f - 3 meat rations
 l - 6 royal jellies
 q - 10 fruits


   Skills:
 + Level 9.4 Fighting
 + Level 10.4 Axes
 * Level 11.3 Armour
 + Level 8.0 Dodging


You had 9 spell levels left.
You didn't know any spells.

Dungeon Overview and Level Annotations

Branches:
Dungeon (9/15)             Temple (0/1) D:6
   Lair: D:8-11         Orc: D:9-12

Altars:
Ashenzari
Cheibriados
Dithmenos
Gozag
Makhleb
Okawaru
Yredelemnul

Shops:
D:7 *(


Innate Abilities, Weirdness & Mutations

You reflexively headbutt those who attack you in melee.
You have a pair of horns on your head.


Message History

* * * LOW HITPOINT WARNING * * *
The troll barely misses you.
Aiming: Paralyse (will waste charges)
Press: ? - help, Shift-Dir - straight line, f - troll
Aim: a troll (lightly wounded, chance to defeat MR: 46%)
The troll resists with some effort.
Evoking this partially-identified wand wasted a few charges.
The troll misses you. The troll barely misses you. x2
There is a stone staircase leading up here.
The troll bites you.
* * * LOW HITPOINT WARNING * * *
The troll misses you. The troll barely misses you.
A scorpion comes into view.
There is a stone staircase leading up here.
The troll bites you.
* * * LOW HITPOINT WARNING * * *
The troll completely misses you. The troll claws you.
* * * LOW HITPOINT WARNING * * *
The troll bites you!
You die...

....#####.......#####........##.#
...............######............
..#.###...........##.....####....
###.###.#................# #....
..#..##...#..#..#.##.....####....
...#....#....#.s#.#####....##....
.....#..#..###..#....##....##.)..
.....#.##.## #.T####.............
>....#.##.# ##..@#####.......##.#
.....#.##.###..#..####.......##..
.................................
...............###....#...##...##
...........#..(................#
...........#...####..##...###..#
...........#.........##.....##>#
..........##...############.##.##
....#................# #.......


You could see a troll and a scorpion.

Vanquished Creatures
  The ghost of Sharkman1231 the Tainter, a journeyman DsVM of Vehumet (D:9)
  Pikel (D:4)
  A gargoyle (D:7)
  A queen bee (D:8)
  Prince Ribbit (D:9)
  A hippogriff (D:7)
  3 vampire mosquitoes (D:9)
  Menkaure (D:6)
  2 water moccasins
  2 ice beasts
  A sky beast (D:8)
  3 ogres
  3 slaves (D:4)
  The ghost of kqf521 the Skirmisher, an amateur HOFi (D:3)
  4 orc warriors
  A phantom (D:7)
  A centaur (D:5)
  2 bullfrogs
  A scorpion (D:3)
  14 killer bees
  3 wights (D:6)
  An electric eel (D:9)
  3 bullfrog zombies
  5 crimson imps
  A quasit (D:7)
  3 hounds
  A jelly (D:7)
  2 bullfrog skeletons
  3 orc priests (D:8)
  An iguana (D:4)
  5 worker ants
  Natasha (D:4)
  10 orc wizards
  3 hound skeletons
  12 adders
  A gnoll (Bailey)
  A shadow imp (D:7)
  3 oozes
  2 adder zombies (D:5)
  4 worms
  2 dart slugs
  7 leopard geckos
  32 orcs
  21 giant cockroaches
  6 hobgoblins
  6 jackals
  17 kobolds
  5 ball pythons
  13 bats
  3 frilled lizards (D:3)
  9 goblins
  6 rats
237 creatures vanquished.

Vanquished Creatures (others)
  An orc wizard (D:7)
  A shadow imp (D:7)
2 creatures vanquished.

Grand Total: 239 creatures vanquished

Notes
Turn   | Place    | Note
-------+----------+-------------------------------------------
     0 | D:1      | valcher11 the Minotaur Berserker began the quest for the Orb.
     0 | D:1      | Reached XP level 1. HP: 19/19 MP: 0/0
   397 | D:1      | Reached XP level 2. HP: 8/27 MP: 1/1
   955 | D:1      | Reached ** piety under Trog
  1032 | D:1      | Reached XP level 3. HP: 33/33 MP: 2/2
  1403 | D:2      | Reached skill level 3 in Armour
  1536 | D:2      | Reached XP level 4. HP: 34/40 MP: 3/3
  1603 | D:2      | You fall through a shaft!
  1649 | D:3      | Reached skill level 5 in Axes
  1902 | D:3      | Reached XP level 5. HP: 46/46 MP: 4/4
  1904 | D:3      | Reached *** piety under Trog
  2294 | D:3      | Found a basalt altar of Yredelemnul.
  2298 | D:3      | Found an iron altar of Okawaru.
  2394 | D:3      | Found a faded altar of an unknown god.
  2394 | D:3      | Noticed kqf521's ghost (amateur HOFi)
  2400 | D:3      | Killed kqf521's ghost
  2400 | D:3      | Reached XP level 6. HP: 55/55 MP: 5/5
  2549 | D:3      | Noticed an ice beast
  2557 | D:3      | Killed an ice beast
  2557 | D:3      | Reached skill level 5 in Fighting
  2557 | D:3      | Reached skill level 4 in Armour
  2933 | D:4      | Noticed a slave
  2934 | D:4      | Noticed a slave
  2935 | D:4      | Noticed Pikel
  2935 | D:4      | Noticed a slave
  2936 | D:4      | Noticed a slave
  2941 | D:4      | Killed a slave
  2947 | D:4      | Killed a slave
  2948 | D:4      | Killed a slave
  2952 | D:4      | Killed Pikel
  2952 | D:4      | Reached skill level 5 in Armour
  2952 | D:4      | Reached XP level 7. HP: 62/62 MP: 6/6
  2994 | D:4      | Got a twisted ring mail
  3012 | D:4      | Identified the +2 ring mail of the Archfiend {*Drain rElec rPois rCorr} (You found it on level 4 of the Dungeon)
  3312 | D:4      | Found a snail-covered altar of Cheibriados.
  3395 | D:4      | Reached **** piety under Trog
  3537 | D:4      | Reached skill level 5 in Dodging
  3663 | D:4      | Noticed Natasha
  3669 | D:4      | Killed Natasha
  3690 | D:5      | Entered Level 5 of the Dungeon
  3840 | D:5      | Reached XP level 8. HP: 60/70 MP: 7/7
  3936 | D:5      | Reached skill level 6 in Armour
  4931 | D:6      | Found an opulent altar of Gozag.
  5063 | D:6      | Noticed Menkaure
  5067 | D:6      | Killed Menkaure
  5155 | D:6      | Got a translucent chain mail
  5166 | D:6      | Identified the +4 chain mail of the Shoals {rElec rC+ Str-4} (You found it on level 6 of the Dungeon)
  5189 | D:6      | Found a shattered altar of Ashenzari.
  5236 | D:6      | Reached skill level 7 in Armour
  5520 | D:6      | Reached ***** piety under Trog
  5697 | D:6      | Found a burning altar of Makhleb.
  5781 | D:6      | Found a shadowy altar of Dithmenos.
  5838 | D:6      | Found a staircase to the Ecumenical Temple.
  5959 | D:7      | Noticed a hippogriff
  5967 | D:7      | Killed a hippogriff
  5967 | D:7      | Reached skill level 8 in Armour
  5967 | D:7      | Reached XP level 9. HP: 79/79 MP: 8/8
  6003 | D:7      | Found Niupamiu's Serpentskin Sales.
  6269 | D:7      | Noticed a gargoyle
  6279 | D:7      | Killed a gargoyle
  6279 | D:7      | Reached skill level 9 in Armour
  6542 | D:7      | Found Veuni's Antique Weapon Boutique.
  6551 | D:7      | Received a gift from Trog
  6940 | D:8      | Reached skill level 10 in Armour
  6944 | D:8      | Noticed a queen bee
  6949 | D:8      | Reached XP level 10. HP: 90/90 MP: 9/9
  7731 | D:9      | Noticed Prince Ribbit
  7747 | D:9      | Reached skill level 10 in Axes
  7755 | D:9      | Killed Prince Ribbit
  7873 | D:9      | Found a flagged portal.
  7883 | Bailey   | Entered a bailey
  7936 | Bailey   | Found an iron altar of Okawaru.
  8292 | D:9      | Noticed Sharkman1231's ghost (journeyman DsVM)
  8307 | D:9      | Killed Sharkman1231's ghost
  8307 | D:9      | Reached skill level 11 in Armour
  8336 | D:9      | Noticed a two-headed ogre
  8408 | D:8      | HP: 3/91 [troll (5)]
  8437 | D:8      | HP: 2/91 [troll (4)]
  8438 | D:8      | Mangled by a troll

Skill      XL: |  1  2  3  4  5  6  7  8  9 10 |
---------------+-------------------------------+-----
Axes           | 4 5 6 7 8 9 10 | 10.4
Fighting       | 4 5 7 8 9 |  9.4
Armour         | 3 5 8 10 11 | 11.3
Dodging        | 3 4 5 6 7 8 |  8.0

Action                   |  1- 3 |  4- 6 |  7- 9 | 10-12 || total
-------------------------+-------+-------+-------+-------++-------
Melee: Hand axe          |    82 |    96 |   351 |   116 ||   645
       Headbutt          |    12 |    15 |    71 |    25 ||   123
Invok: Berserk           |     1 |     5 |    10 |     3 ||    19
       Burn Spellbooks   |       |       |     1 |     1 ||     2
Evoke: Wand              |       |       |       |     2 ||     2
  Use: Scroll            |       |       |     6 |       ||     6
       Potion            |       |       |       |     2 ||     2
 Stab: Sleeping          |     2 |     2 |     1 |       ||     5
       Distracted        |       |       |     1 |       ||     1
  Eat: Chunk             |     3 |     8 |    18 |     2 ||    31
       Meat ration       |       |       |     1 |       ||     1
       Royal jelly       |       |       |       |     4 ||     4
Armor: Animal skin       |    10 |       |       |       ||    10
       Ring mail         |     9 |    30 |   107 |    65 ||   211
Dodge: Dodged            |    54 |    47 |   258 |   166 ||   525
